 Dungeon Crawl Stone Soup version 0.22.1 (webtiles) character file.

16 zappo the Conjurer (level 2, 0/15 HPs)
             Began as a Deep Elf Conjurer on Sept 17, 2018.
             Was an Initiate of Vehumet.
             Slain by an adder (3 damage)
             ... on level 2 of the Dungeon.
             The game lasted 00:12:50 (1143 turns).

zappo the Conjurer (Deep Elf Conjurer)              Turns: 1143, Time: 00:12:51

Health: 0/15       AC:  2    Str:  5    XL:     2   Next: 37%
Magic:  6/8        EV: 13    Int: 19    God:    Vehumet [......]
Gold:   53         SH:  0    Dex: 15    Spells: 6/7 levels left

rFire    . . .     SeeInvis .   h - +0 short sword
rCold    . . .     Gourm    .   (no shield)
rNeg     . . .     Faith    .   a - +0 robe
rPois    .         Spirit   .   (no helmet)
rElec    .         Reflect  .   (no cloak)
rCorr    .         Harm     .   (no gloves)
MR       .....                  (no boots)
Stlth    ++........             (no amulet)
HPRegen  0.05/turn              (no ring)
MPRegen  0.11/turn              (no ring)

@: lethally poisoned (0 -> -11)
A: no striking features
a: Renounce Religion


You were on level 2 of the Dungeon.
You worshipped Vehumet.
Vehumet was noncommittal.
You were not hungry.

You visited 1 branch of the dungeon, and saw 2 of its levels.

You collected 53 gold pieces.

Inventory:

Hand Weapons
 e - a +0 dagger
 h - a +0 short sword (weapon)
 n - a +0 short sword
 r - a +0 club
Missiles
 f - 15 poisoned needles
 q - 22 stones (quivered)
 u - 15 sling bullets
 v - 11 arrows
Armour
 a - a +0 robe (worn)
 b - a +0 chain mail
 i - a +0 ring mail
 s - a +0 leather armour
Jewellery
 p - an uncursed ring of flight {unknown}
Scrolls
 j - a scroll of magic mapping {unknown}
 k - 2 scrolls of teleportation {unknown}
 l - 2 scrolls of identify {unknown}
Potions
 d - a potion of degeneration {unknown}
 g - a potion of agility {unknown}
 m - 2 potions of cancellation {unknown}
 o - a potion of lignification {unknown}
 t - a potion of resistance {unknown}
Comestibles
 c - 3 rations


   Skills:
 + Level 0.1 Short Blades
 + Level 2.8 Dodging
 + Level 2.4 Stealth
 + Level 3.2 Spellcasting
 + Level 4.8 Conjurations


You had 6 spell levels left.
You knew the following spells:

 Your Spells              Type           Power        Failure   Level  Hunger
a - Magic Dart            Conj           ###.         1%          1    None

Your spell library contained the following spells:

 Spells                   Type           Power        Failure   Level  Hunger
 Searing Ray              Conj           ###...       3%          2    ##.....
 Dazzling Spray           Conj/Hex       ##....       17%         3    ###....
 Iskenderun's Mystic Bla  Conj           ###.....     21%         4    ####...
 Force Lance              Conj/Tloc      ##......     50%         4    ####...
 Fulminant Prism          Conj/Hex       ##........   50%         4    ####...


Dungeon Overview and Level Annotations

Branches:
Dungeon (2/15)

Altars:
Vehumet


Message History

You feel sick.
You hear a shout!
The bat barely misses you. The rat closely misses you.
The adder closely misses you.
Casting: Magic Dart (safe; 1% risk of failure)
Confirm with . or Enter, or press ? or * to list all spells.
Aiming: Magic Dart (safe; 1% risk of failure)
Press: ? - help, Shift-Dir - straight line, f/p - adder
Aim: an adder (moderately wounded)
The magic dart hits the adder.
The adder is heavily wounded.
You feel sick. The bat completely misses you. The adder barely misses you.
The rat bites you. The bat barely misses you.
You feel sick. The adder bites you.
* * * LOW HITPOINT WARNING * * *
The bat closely misses you.
You eat one of the 4 rations.
That ration really hit the spot!
* * * LOW HITPOINT WARNING * * *
You feel sick. The bat closely misses you. The adder bites you.
You die...

..########........
#.###.### #.# #
#.###+# ##.###_+
#..###'# ########..#
#.# #K
#.........###.###....
#.#..........@.S..#
+......###.S##.#...
#.........br.# #
......#######...##
###### #...# #....
#..#.. ...... .### .#


You could see 2 adders, a bat, a kobold and a rat.

Vanquished Creatures
  A dart slug (D:1)
  A giant cockroach (D:1)
  2 goblins (D:1)
  A hobgoblin (D:1)
  4 kobolds (D:1)
  3 bats (D:1)
  A frilled lizard (D:1)
  A rat (D:1)
14 creatures vanquished.

Notes
Turn   | Place    | Note
-------+----------+-------------------------------------------
     0 | D:1      | zappo the Deep Elf Conjurer began the quest for the Orb.
     0 | D:1      | Reached XP level 1. HP: 10/10 MP: 6/6
   516 | D:1      | Reached XP level 2. HP: 15/15 MP: 8/8
  1084 | D:2      | Found a radiant altar of Vehumet.
  1131 | D:2      | Became a worshipper of Vehumet
  1143 | D:2      | Slain by an adder

Action                   || total
-------------------------++-------
Melee: Unarmed           ||    12
       Short sword       ||    21
 Cast: Magic Dart        ||    16
 Stab: Sleeping          ||     1
  Eat: Ration            ||     1
Armor: Robe              ||     9
Dodge: Dodged            ||    51
